 Dungeon Crawl Stone Soup version 0.27-a0-262-gc50aac273e (webtiles) character file.

Game seed: 14820865785426051646

17 kae the Ruffian (level 2, 0/23 HPs)
             Began as a Draconian Transmuter on Feb 4, 2021.
             Slain by a hobgoblin
             ... wielding a +0 club
              (5 damage)
             ... on level 1 of the Dungeon.
             The game lasted 00:00:17 (139 turns).

kae the Ruffian (Draconian Transmuter)               Turns: 139, Time: 00:00:18

Health: 0/23       AC:  4    Str: 12    XL:     2   Next: 44%
Magic:  2/5        EV: 12    Int: 13    God:
Gold:   0          SH:  0    Dex: 11    Spells: 4/5 levels left

rFire    . . .     SeeInvis .     - Unarmed
rCold    . . .     Faith    .   (no shield)
rNeg     . . .     Spirit   .   (armour unavailable)
rPois    .         Reflect  .   (helmet currently unavailable)
rElec    .         Harm     .   (no cloak)
rCorr    .         Rampage  .   (no gloves)
Will     .....                  (boots currently unavailable)
Stlth    +.........             (no amulet)
HPRegen  0.07/turn              (no ring)
MPRegen  0.09/turn              (no ring)

@: appendages (expiring)
A: unfitting armour, horns 2, talons 2, cold-blooded, AC +4
a: End Transformation


You were on level 1 of the Dungeon.
You had grown temporary horns.
You had grown temporary talons.
You visited 1 branch of the dungeon, and saw 1 of its levels.

You aren't carrying anything.


   Skills:
 + Level 1.4 Fighting
 + Level 2.0 Dodging
 * Level 3.3 Unarmed Combat
 + Level 2.1 Spellcasting
 + Level 2.1 Transmutations


You had 4 spell levels left.
You knew the following spells:

 Your Spells              Type           Power        Failure   Level
a - Beastly Appendage     Tmut           14%          11%         1

Your spell library contained the following spells:

 Spells                   Type           Power        Failure   Level
 Wereblood                Tmut           7%           16%         2
 Spider Form              Tmut/Pois      2%           43%         3
 Ice Form                 Ice/Tmut       4%           85%         4
 Blade Hands              Tmut           3%           96%         5


Dungeon Overview and Level Annotations

Branches:
Dungeon (1/15)

Altars:


Innate Abilities, Weirdness & Mutations

Your plain brown scales are hard. (AC +4)
You cannot fit into any form of body armour.
You are cold-blooded and may be slowed by cold attacks.
You have a pair of horns on your head.
You have razor-sharp toenails.


Message History

You hit the hobgoblin.
The hobgoblin is almost dead.
The hobgoblin hits you with a +0 club.
* * * LOW HITPOINT WARNING * * *
Casting: Beastly Appendage (safe; 11% risk of failure)
Confirm with . or Enter, or press ? or * to list all spells.
You grow a pair of large bovine horns.
Your feet morph into talons.
Your transformation is almost over.
The hobgoblin closely misses you.
Your magical contamination has completely faded away.
The hobgoblin barely misses you.
You barely miss the hobgoblin.
You headbutt the hobgoblin, but do no damage.
The hobgoblin is almost dead.
The hobgoblin closely misses you.
You hit the hobgoblin.
You kill the hobgoblin!
You barely miss the hobgoblin. The hobgoblin closely misses you.
You closely miss the hobgoblin. The hobgoblin hits you with a +0 club.
You die...

##..##### #....#.......
#..†....###...##.......
#.#....................
#.#...........##.......
#.#............(.......
####.#)..........##.......
..............g..##.....[.
.......)######......#.....
.........@g...............
############.####..##.....
#..##...## .....
####.###.### .#.##
#....#...# .#!.h
##......### $#
#####>.###### #.....)#
#....†.#


You could see a hobgoblin.

Vanquished Creatures
  A leopard gecko (D:1)
  2 bats (D:1)
  2 giant cockroaches (D:1)
  5 goblins (D:1)
  A hobgoblin (D:1)
  A ball python (D:1)
  A frilled lizard (D:1)
  A rat (D:1)
14 creatures vanquished.

Notes
Turn   | Place    | Note
-------+----------+-------------------------------------------
     0 | D:1      | kae the Draconian Transmuter began the quest for the Orb.
     0 | D:1      | Reached XP level 1. HP: 16/16 MP: 3/3
   100 | D:1      | Reached XP level 2. HP: 22/23 MP: 3/5
   139 | D:1      | Slain by a hobgoblin

Illustrated notes

Levels and vault maps discovered:
D:1:      dpeg_arrival_rooms_with_view, layout_rooms, minmay_domino_4

Skill      XL: |  1  2 |
---------------+-------+-----
Dodging        | 2 |  2.0
Fighting       | |  1.4
Unarmed Combat | |  3.3
Spellcasting   | |  2.1
Transmutations | |  2.1

Action                   || total
-------------------------++-------
Melee: Unarmed           ||    40
       Kick              ||     5
       Tailslap          ||     1
       Headbutt          ||     1
 Cast: Beastly Appendage ||     7
Armor: Skin              ||    13
Dodge: Dodged            ||    35

Table legend: (Time is in decaauts)
 A = Elapsed time spent in this place.
 B = Non-inter-level travel time spent in this place.
 C = Inter-level travel time spent in this place.
 D = Time resting spent in this place.
 E = Time spent auto-exploring this place.
 F = Levels seen in this place.
 G = Mean time per level.
                   A        B        C        D        E       F      G
               +--------+--------+--------+--------+--------+-----+--------+
         Total |    137 |    137 |      0 |      0 |     52 |   1 |  137.0 |
       Dungeon |    137 |    137 |      0 |      0 |     52 |   1 |  137.0 |
               +--------+--------+--------+--------+--------+-----+--------+

Top non-repeatable levels by time:
     D:1: 137 daAuts
